 Dungeon Crawl Stone Soup version 0.30.1-11-g7821555f0a (webtiles) character file.

Game seed: 17529039342708261590

117674 Okkudo the Executioner (level 16, -22/149 HPs)
             Began as a Hill Orc Monk on Nov 30, 2023.
             Was the Champion of Beogh.
             Annihilated by an orc knight
             ... wielding a +0 bardiche
              (23 damage)
             ... on level 2 of the Orcish Mines.
             The game lasted 02:32:54 (22453 turns).

Okkudo the Executioner (Hill Orc Monk)             Turns: 22453, Time: 02:32:56

Health: -22/149    AC: 28    Str: 22    XL:     16   Next: 74%
Magic:  28/28      EV:  9    Int: 16    God:    Beogh [******]
Gold:   2134       SH:  0    Dex: 20    Spells: 15/15 levels left

rFire   . . .        s - +8 executioner's axe (heavy)
rCold   . . .        (shield currently unavailable)
rNeg    . . .        x - +4 plate armour {Will+}
rPois   +            w - +0 helmet
rElec   .            h - +1 cloak
rCorr   .            P - +0 pair of gloves {Stlth+}
SInv    .            A - +0 pair of boots
Will    ++...        (no amulet) Stlth
                     V - ring of Vibeely {rPois Int+6 Dex+7}
HPRegen 0.44/turn    L - +4 ring of slaying
MPRegen 0.21/turn

%: no passive effects
@: studying 2 skills
A: walk on water
a: Renounce Religion, Smiting, Recall Orcish Followers, Give Item to Named
Follower, Resurrection


You were on level 2 of the Orcish Mines.
You worshipped Beogh.
Beogh was exalted by your worship.
You visited 3 branches of the dungeon, and saw 22 of its levels.

You collected 2432 gold pieces.
You spent 298 gold pieces at shops.

Inventory:

Hand Weapons
 s - a +8 heavy executioner's axe (weapon)
 v - the +8 glaive of Fabo {freeze, Int+2}
   (You found it on level 14 of the Dungeon)

   Int:       It affects your intelligence (+2).
 Z - a +4 vampiric broad axe
Missiles
 m - 36 poisoned darts (quivered)
Armour
 h - a +1 cloak (worn)
 w - a +0 helmet (worn)
 x - a +4 plate armour of willpower (worn)
 y - a +0 kite shield of protection
 A - a +0 pair of boots (worn)
 P - a +0 pair of gloves of stealth (worn)
 T - a +0 plate armour
Jewellery
 b - a ring of flight
 n - a +6 ring of dexterity
 o - a +4 ring of protection
 u - an amulet of reflection
 L - a +4 ring of slaying (right hand)
 V - the ring of Vibeely (left hand) {rPois Int+6 Dex+7}
   (You found it on level 9 of the Dungeon)

   [ring of intelligence]

   Int:       It affects your intelligence (+6).
   Dex:       It affects your dexterity (+7).
   rPois:     It protects you from poison.
 X - an amulet of regeneration
Wands
 a - a wand of mindburst (28)
 r - a wand of digging (16)
 C - a wand of iceblast (21)
 D - a wand of flame (31)
 I - a wand of polymorph (15)
 R - a wand of charming (7)
 S - a wand of light (22)
Scrolls
 d - a scroll of brand weapon
 e - 9 scrolls of teleportation
 k - 4 scrolls of poison
 p - a scroll of vulnerability
 t - 4 scrolls of blinking
 E - a scroll of fog
 H - 2 scrolls of torment
 J - 3 scrolls of immolation
 K - 2 scrolls of magic mapping
 M - a scroll of butterflies
 O - a scroll of silence
 Y - 7 scrolls of identify
Potions
 c - 3 potions of ambrosia
 f - 2 potions of flight
 g - 5 potions of brilliance
 i - 5 potions of mutation
 j - a potion of berserk rage
 l - 3 potions of resistance
 q - 7 potions of heal wounds
 z - 6 potions of lignification
 B - 10 potions of curing
 F - 5 potions of cancellation
 G - 2 potions of haste
 Q - 3 potions of invisibility
 U - 3 potions of attraction
 W - 4 potions of might


   Skills:
 - Level 15.4 Fighting
 * Level 22.4 Axes
 * Level 14.5 Armour
 - Level 2.4 Dodging
 - Level 17.2 Invocations
 - Level 2.3 Evocations


You had 15 spell levels left.
You didn't know any spells.
Your spell library contained the following spells:

 Spells                   Type           Power      Damage    Failure   Level
 Apportation              Tloc           0%         N/A       94%         1
 Freeze                   Ice            0%         1d3       94%         1
 Kiss of Death            Conj/Necr      0%         2d5       94%         1
 Sublimation of Blood     Necr           0%         N/A       98%         2
 Confusing Touch          Hex            0%         N/A       100%        3
 Dazzling Flash           Conj/Hex       0%         N/A       100%        3
 Frozen Ramparts          Ice            0%         1d1       100%        3
 Hailstorm                Conj/Ice       0%         3d3       100%        3
 Inner Flame              Hex/Fire       0%         N/A       100%        3
 Ozocubu's Armour         Ice            0%         N/A       100%        3
 Volatile Blastmotes      Fire/Tloc      0%         2d10      100%        3
 Dispel Undead            Necr           0%         3d6       100%        4
 Flame Wave               Conj/Fire      0%         2d4       100%        4
 Ice Form                 Ice/Tmut       0%         N/A       100%        4
 Iskenderun's Mystic Bla  Conj/Tloc      0%         2d3       100%        4
 Manifold Assault         Tloc           0%         N/A       100%        4
 Petrify                  Tmut/Erth      0%         N/A       100%        4
 Sticky Flame             Conj/Fire      0%         2d3       100%        4
 Summon Ice Beast         Ice/Summ       0%         N/A       100%        4
 Alistair's Intoxication  Tmut/Pois      0%         N/A       100%        5
 Irradiate                Conj/Tmut      0%         3d11      100%        5
 Dispersal                Tloc           0%         N/A       100%        6
 Starburst                Conj/Fire      0%         6d3       100%        6
 Ozocubu's Refrigeration  Ice            0%         4d7       100%        7
 Disjunction              Tloc           0%         N/A       100%        8


Dungeon Overview and Level Annotations

Branches:
Dungeon (15/15)            Temple (0/1) D:6            Lair (5/5) D:11
  Swamp (0/4) Lair:2        Snake (0/4) Lair:3        Slime (0/5) Lair:4
    Orc (2/2) D:9             Elf (0/3) Orc:2        Vaults (0/5) D:13
 Depths (0/4) D:15

Altars:
Elyvilon
Gozag
Sif Muna
Trog
Uskayaw
Vehumet
Wu Jian
Xom
Yredelemnul
The Shining One
Jiyva

Shops:
D:6 *   D:8 ?

Annotations:
D:14 exclusion: Nergalle
Lair:5 2 exclusions


Message History

Your orc warrior hits the orange demon with a +0 hand axe!
Your orc warrior hits the orc knight with a +0 hand axe!
The orange demon stings your orc warrior!
Your orc warrior looks as sick as possible!
The orange demon poisons your orc warrior!
The orange demon hits your orc warrior but does no damage.
Something hits the orc warrior but does no damage.
You slice the orc knight like a ripe choko!!!
The orc knight is almost dead.
Your orc warrior barely misses the orc knight.
The orc high priest mumbles some strange prayers to Beogh against you.
Beogh smites you!
An orc warrior comes into view. It is wielding a +0 long sword.
Your orc warrior closely misses the orc knight.
Your orc warrior hits the orc warrior with a +0 war axe!
Your orc warrior barely misses the orc knight.
Your orc hits the orc knight with a +0 flail.
Your orc hits the orc knight with a +3 hand axe.
The orc knight hits you from afar with a +0 bardiche!!!
* * * LOW HITPOINT WARNING * * *
The orc knight hits you with a +0 broad axe!!
* * * LOW HITPOINT WARNING * * *
The orc knight closely misses your orc warrior.
Your orc warrior barely misses the orange demon.
Your orc warrior hits the orc knight but does no damage.
The orange demon barely misses your orc warrior. x2
The orc high priest calls down the wrath of Beogh upon you.
Your orc priest writhes in agony!
Your orc priest dies!
Your orc warrior barely misses the orc knight.
The orc warrior closely misses your orc warrior.
Something hits your orc. Something hits your orc!
Your orc dies!
Your orc warrior hits the orc knight with a +0 war axe!
The orc knight raises its hands in surrender.
Your orc warrior hits the orc warrior with a +0 war axe!
Your orc barely misses something.
The orc knight hits you from afar with a +0 bardiche!!
You die...
Beogh appreciates the orc knight's killing of a heretic priest.

...## .#..
#4...# ##.##
...#
...oo..3...#
### ..##
...#...#....#
###
.....o.ooo...#
#### #
....#o).#....#
##..##
#....).ooo..#
#....#
#...#.oo#o..#
#oo.##
#....4o..)#
##o###
#..#ooo#@)#
###oooo##
#..o)...##
##.o#oooo###
###o#.###
#.o.ooooo..#
#..o..#
##oooooo....
###.#.###


#ooooooo...# ##..o....## ##oooooo...o #..#...#..# ##ooooo..... ##.........##
#.ooooo..... #...#.o.#...# #..oooo....# You could see an orc knight (strong,
ally target), 3 orc high priests, an orange demon (summoned), a smoke demon
(summoned), 2 orc warriors, an orc priest (strong), a friendly orc knight
(strong, ally target), 7 friendly orc warriors and a friendly orc.

Vanquished Creatures
  Nessos (D:14)
  3 dire elephants (Lair:5)
  An ettin (Orc:1)
  A rakshasa (D:15)
  3 hydras
  A catoblepas (D:15)
  3 centaur warriors (D:14)
  A boulder beetle (Lair:5)
  3 tengu warriors
  3 two-headed ogres
  8 death yaks (Lair:5)
  An orc high priest (Orc:2)
  A spectral death yak (Lair:5)
  A skeletal warrior (D:13)
  An obsidian statue (Lair:5)
  Pikel (D:7)
  A wizard (D:13)
  4 necromancers
  13 ugly things
  A cyclops (D:15)
  3 manticores
  An orc knight (D:15)
  12 elephants (Lair:5)
  3 centaur zombies (D:8)
  A naga mage (D:15)
  A black mamba (Lair:3)
  5 cane toads
  A torpor snail (Lair:5)
  A gargoyle (D:13)
  2 yaktaurs (D:12)
  A dire elephant skeleton (Lair:5)
  A rime drake (Lair:5)
  A rime drake (shapeshifter) (D:15)
  A freezing wraith (D:15)
  5 komodo dragons
  A merfolk (D:15)
  A hellwing (D:8)
  5 trolls
  Grinder (D:3)
  A polar bear (Lair:3)
  A hornet (Lair:5)
  2 dream sheep (Lair:5)
  2 blink frogs (Lair:3)
  A spectral elephant (Lair:5)
  Sigmund (D:2)
  5 slime creatures (D:15)
  25 yaks
  2 wyverns
  2 wraiths
  6 basilisks
  6 vampire mosquitoes
  2 spectral cane toads (Lair:5)
  A death yak simulacrum (Lair:5)
  A redback simulacrum (D:14)
  An acid dragon (D:14)
  A warg (D:15)
  4 water moccasins
  3 black bears
  An ice beast (D:6)
  2 sky beasts
  5 orc warriors
  8 wolves
  2 elephant skeletons (Lair:5)
  4 boggarts (Lair:3)
  7 ogres
  10 centaurs
  2 kobold brigands
  Blork the orc (D:4)
  A gnoll sergeant (D:9)
  6 bullfrogs
  2 necrophages (Lair:2)
  3 howler monkeys
  2 electric eels
  3 gnoll boudas
  An orc priest (Orc:2)
  A hound (D:4)
  2 jellies
  3 iguanas
  Ijyb (D:5)
  3 orc wizards
  Robin (D:2)
  14 gnolls
  8 adders
  A shadow imp (D:8)
  A white imp (D:5)
  An ufetubus (D:4)
  A worm (D:4)
  A dart slug (D:4)
  13 orcs
  2 bats
  10 endoplasms
  8 giant cockroaches
  13 hobgoblins
  4 jackals (D:2)
  3 quokkas
  9 ball pythons
  4 frilled lizards
  16 goblins
  10 kobolds
  9 rats
365 creatures vanquished.

Vanquished Creatures (collateral kills)
  Gastronok (Lair:1)
  3 dire elephants
  The ghost of L4yla the Destroyer, a journeyman DrCj of Sif Muna (D:11)
  A hydra (Lair:5)
  2 centaur warriors
  A death knight (D:13)
  A boulder beetle (D:13)
  2 two-headed ogres
  A catoblepas (Lair:2)
  4 death yaks (Lair:5)
  3 skeletal warriors (D:8)
  A spectral death yak (Lair:5)
  A skyshark (Lair:4)
  A spectral anaconda (Lair:5)
  A necromancer (Lair:5)
  A wolf spider zombie (D:8)
  2 deep elf pyromancers
  A wolf spider (D:15)
  4 lindwurms (D:14)
  4 cyclopes
  A manticore (D:15)
  A moth of wrath (D:11)
  7 ugly things
  3 black mambas
  19 elephants
  A centaur zombie (D:8)
  A centaur skeleton (D:8)
  A gargoyle (D:12)
  An unseen horror (D:12)
  2 torpor snails (Lair:5)
  7 cane toads
  3 rime drakes
  4 komodo dragons
  An efreet (D:11)
  A freezing wraith (D:13)
  3 yaktaurs (D:12)
  4 trolls
  A hellwing (D:8)
  3 tyrant leeches (Lair:2)
  2 hornets
  A polar bear (Lair:5)
  2 dream sheep (Lair:5)
  12 blink frogs (Lair:3)
  A slime creature (D:15)
  2 wraiths
  38 yaks
  2 wyverns (Lair:5)
  A basilisk (Lair:5)
  A death yak simulacrum (Lair:5)
  2 steam dragons
  2 vampire mosquitoes
  An acid dragon (D:11)
  6 water moccasins
  3 sky beasts (D:7)
  11 orc warriors
  An ice beast (D:7)
  An elephant zombie (Lair:5)
  5 ogres
  9 centaurs
  8 wolves
  3 kobold brigands
  4 necrophages (Lair:2)
  4 bullfrogs
  4 gnoll sergeants
  A cane toad simulacrum (Lair:5)
  A scorpion (D:7)
  4 killer bees (D:9)
  3 electric eels
  3 howler monkeys
  A jelly (D:6)
  5 orc priests
  4 hounds
  An orc wizard (D:10)
  An iguana (D:7)
  10 gnolls
  3 shadow imps (D:8)
  A white imp (D:7)
  An ufetubus (D:5)
  16 orcs
  An endoplasm (D:4)
  A kobold (D:11)
  4 goblins (D:10)
287 creatures vanquished.

Vanquished Creatures (others)
  Nergalle (D:14)
  An orc high priest (Orc:2)
  An orc knight (D:9)
  6 orc priests
  8 orc warriors
  2 orc wizards
  29 orcs
48 creatures vanquished.

Grand Total: 700 creatures vanquished

Notes
Turn   | Place    | Note
-------+----------+-------------------------------------------
     0 | D:1      | Okkudo the Hill Orc Monk began the quest for the Orb.
     0 | D:1      | Reached XP level 1. HP: 19/19 MP: 1/1
   179 | D:1      | Reached XP level 2. HP: 26/26 MP: 2/2
   283 | D:1      | Reached skill level 5 in Axes
   487 | D:1      | Reached XP level 3. HP: 30/31 MP: 3/3
   751 | D:2      | Noticed Robin
   891 | D:3      | Reached skill level 6 in Axes
  1040 | D:3      | Reached XP level 4. HP: 26/39 MP: 4/4
  1137 | D:3      | Noticed Grinder
  1137 | D:3      | Paralysed by Grinder for 3 turns
  1233 | D:2      | Killed Robin
  1463 | D:2      | Found a faded altar of an unknown god.
  1573 | D:2      | Reached skill level 7 in Axes
  1928 | D:2      | Noticed Sigmund
  1938 | D:2      | Killed Sigmund
  1939 | D:2      | Reached skill level 9 in Axes
  1939 | D:2      | Reached XP level 5. HP: 45/45 MP: 5/5
  1939 | D:2      | Reached XP level 6. HP: 51/51 MP: 6/6
  2152 | D:3      | You fall into a shaft and drop 3 floors!
  2157 | D:6      | Noticed an ice beast
  2171 | D:6      | Killed an ice beast
  2316 | D:6      | Found Hammiatob's Gadget Gallery.
  2321 | D:6      | Found a staircase to the Ecumenical Temple.
  2337 | D:6      | Became a worshipper of Beogh the Brigand
  2337 | D:6      | Reached * piety under Beogh
  2337 | D:6      | Reached ** piety under Beogh
  2447 | D:5      | Entered Level 5 of the Dungeon
  2466 | D:5      | Reached skill level 10 in Axes
  2466 | D:5      | Reached XP level 7. HP: 55/57 MP: 7/7
  2921 | D:3      | Paralysed by Grinder for 3 turns
  2925 | D:3      | Killed Grinder
  2926 | D:3      | Reached skill level 11 in Axes
  3402 | D:4      | Reached skill level 1 in Invocations
  3402 | D:4      | Reached XP level 8. HP: 65/66 MP: 8/8
  3425 | D:4      | Found a bloodstained altar of Trog.
  3425 | D:4      | Found a hide-covered altar of Uskayaw.
  3425 | D:4      | Noticed Blork the orc
  3436 | D:4      | Reached skill level 1 in Armour
  3455 | D:4      | Killed Blork the orc
  3473 | D:4      | Found an ornate altar of the Wu Jian Council.
  3475 | D:4      | Found a radiant altar of Vehumet.
  3481 | D:4      | Found a glowing golden altar of the Shining One.
  3482 | D:4      | Found a shimmering altar of Xom.
  3485 | D:4      | Found a basalt altar of Yredelemnul.
  3487 | D:4      | Found a shimmering blue altar of Sif Muna.
  3591 | D:4      | Found a white marble altar of Elyvilon.
  3596 | D:4      | Reached skill level 12 in Axes
  3923 | D:4      | Reached *** piety under Beogh
  4733 | D:5      | Noticed Ijyb
  4741 | D:5      | Killed Ijyb
  5110 | D:6      | Reached skill level 5 in Fighting
  5548 | D:7      | Reached XP level 9. HP: 68/74 MP: 12/12
  5588 | D:7      | Reached skill level 13 in Axes
  5649 | D:7      | Reached skill level 5 in Invocations
  5976 | D:7      | Reached **** piety under Beogh
  6201 | D:7      | Noticed Pikel
  6212 | D:7      | Killed Pikel
  6433 | D:8      | Reached skill level 14 in Axes
  6471 | D:8      | Reached XP level 10. HP: 84/84 MP: 15/15
  6565 | D:8      | Reached skill level 5 in Armour
  6825 | D:8      | Found Haovu's Magic Scroll Boutique.
  6833 | D:8      | Bought a scroll of enchant weapon for 97 gold pieces
  6833 | D:8      | Bought a scroll of identify for 26 gold pieces
  6833 | D:8      | Bought a scroll of brand weapon for 123 gold pieces
  6833 | D:8      | Bought a scroll of identify for 26 gold pieces
  6833 | D:8      | Bought a scroll of identify for 26 gold pieces
  6896 | D:8      | Noticed a skeletal warrior
  6901 | D:8      | Noticed a skeletal warrior
  6907 | D:8      | Killed a skeletal warrior
  6913 | D:8      | Killed a skeletal warrior
  6914 | D:8      | Reached skill level 15 in Axes
  6915 | D:8      | Noticed a skeletal warrior
  6926 | D:8      | Killed a skeletal warrior
  6927 | D:8      | Reached skill level 10 in Invocations
  7446 | D:9      | Reached ***** piety under Beogh
  7451 | D:9      | Reached XP level 11. HP: 77/94 MP: 18/18
  7496 | D:9      | Found a staircase to the Orcish Mines.
  7761 | D:9      | Identified the ring of Vibeely {rPois Int+6 Dex+7}
  8536 | D:10     | Entered Level 10 of the Dungeon
  8727 | D:10     | Gained Rocco as an ally
  8750 | D:10     | Gained Zorug as an ally
  8778 | D:10     | Found a flagged portal.
  8892 | D:10     | Reached skill level 16 in Axes
  9225 | D:11     | Found a transporter.
  9225 | D:11     | Noticed a tengu warrior
  9230 | D:11     | Found a bloodstained altar of Trog.
  9230 | D:11     | Noticed a moth of wrath
  9230 | D:11     | Noticed L4yla's ghost (journeyman DrCj)
  9231 | D:11     | Noticed a two-headed ogre
  9259 | D:11     | Noticed a purple ugly thing
  9265 | D:11     | Killed a purple ugly thing
  9511 | D:11     | Noticed a cyclops
  9518 | D:11     | Found a staircase to the Lair.
  9521 | D:11     | Killed a cyclops
  9570 | D:11     | Found a transporter.
  9575 | D:11     | Noticed a two-headed ogre
  9599 | D:11     | Noticed a two-headed ogre
  9606 | D:11     | Killed a two-headed ogre
  9928 | D:12     | Noticed a cyclops
  9935 | D:12     | Killed a cyclops
  9947 | D:12     | Reached XP level 12. HP: 49/105 MP: 21/21
 10042 | D:12     | Reached ****** piety under Beogh
 10442 | D:12     | Reached skill level 10 in Fighting
 10442 | D:12     | Reached skill level 17 in Axes
 10578 | Lair:1   | Entered Level 1 of the Lair of Beasts
 10722 | Lair:1   | Noticed Nergalle
 11066 | Lair:1   | Noticed Gastronok
 11077 | Lair:1   | Killed Gastronok
 11221 | Lair:1   | Identified the +6 short sword of the Leaping Gods {protect,
                  | rPois rF+}
 11904 | Lair:2   | Reached skill level 18 in Axes
 12022 | Lair:2   | Found a staircase to the Swamp.
 12050 | Lair:2   | Reached XP level 13. HP: 54/116 MP: 23/23
 13017 | Lair:3   | Reached skill level 10 in Armour
 13017 | Lair:3   | Gained Arkwar as an ally
 13020 | Lair:3   | Reached skill level 1 in Evocations
 13145 | Lair:3   | Found a staircase to the Snake Pit.
 13382 | Lair:3   | Identified a scroll of acquirement
 13403 | Lair:3   | Acquired a +6 heavy executioner's axe
 13989 | Lair:4   | Found a viscous altar of Jiyva.
 13989 | Lair:4   | Found a staircase to the Slime Pits.
 14886 | Lair:5   | Entered Level 5 of the Lair of Beasts
 14976 | Lair:5   | Reached XP level 14. HP: 79/129 MP: 25/25
 14978 | Lair:5   | Reached skill level 19 in Axes
 14978 | Lair:5   | Reached skill level 15 in Invocations
 15262 | Lair:5   | Noticed a dire elephant
 15262 | Lair:5   | Noticed a dire elephant
 15262 | Lair:5   | Noticed a dire elephant
 15262 | Lair:5   | Noticed a dire elephant
 15263 | Lair:5   | Noticed a dire elephant
 15268 | Lair:5   | Killed a dire elephant
 15483 | Lair:5   | Identified the +5 ring mail of Exclusion {rElec Will+}
 16243 | Lair:5   | Reached skill level 20 in Axes
 16415 | Lair:5   | Identified the +0 leather armour of Anarchy {+Blink rF+}
 16494 | Lair:5   | Killed a dire elephant
 16495 | Lair:5   | Killed a dire elephant
 16499 | Lair:5   | Killed a dire elephant
 16502 | Lair:5   | Killed a dire elephant
 17089 | D:13     | Reached XP level 15. HP: 139/139 MP: 25/27
 17469 | D:13     | Reached skill level 21 in Axes
 17469 | D:13     | Reached XP level 16. HP: 147/147 MP: 28/28
 17819 | D:13     | Found a gate to the Vaults.
 18299 | D:14     | Reached skill level 15 in Fighting
 18363 | D:14     | Found an opulent altar of Gozag.
 18568 | D:14     | Your ally Nergalle died
 18791 | D:14     | Acquired a manual of Armour
 19102 | D:14     | Noticed Nessos
 19108 | D:14     | Killed Nessos
 19175 | D:14     | Identified the +8 glaive of Fabo {freeze, Int+2}
 19398 | D:15     | Entered Level 15 of the Dungeon
 19696 | D:15     | Reached skill level 22 in Axes
 20459 | D:15     | Found a staircase to the Depths.
 20905 | D:11     | Killed L4yla's ghost
 21290 | Orc:1    | Entered Level 1 of the Orcish Mines
 21526 | Orc:2    | Entered Level 2 of the Orcish Mines
 21526 | Orc:2    | Found a staircase to the Elven Halls.
 22149 | Orc:2    | Gained Boghold as an ally
 22452 | Orc:2    | HP: 1/149 [orc knight/+0 broad axe (26)]
 22453 | Orc:2    | Annihilated by an orc knight

Illustrated notes

Levels and vault maps discovered:
D:1:      tarquinn_simple_flora_water_e, layout_loops_cross
D:2:      layout_loops_ring, ebering_ecumenical_altar_mist,
          kennysheep_flooded_box, uniq_sigmund, uniq_robin
D:3:      layout_loops_corners, minmay_circle_x, uniq_grinder
D:4:      minmay_chambers_of_twos, layout_loops_ring,
          nicolae_overflow_hallway_of_the_gods, kennysheep_small_circle,
          uniq_blork_the_orc
D:5:      layout_basic, uniq_ijyb
D:6:      layout_basic, minmay_temple_entry_overgrown, nicolae_shop_gadgets
D:7:      layout_rooms, hangedman_minor_gate_pass, uniq_pikel
D:8:      cheibrodos_grave_circle, layout_cave_pools, serial_shops, shop,
          minivault_14
D:9:      layout_basic, kennysheep_orc_monster_closet_entryway
D:10:     layout_cross, enter_bailey_5, columned_hall_lemuel, nrook_campfire
D:11:     layout_roguey, lair_entry_dummy, gammafunk_ghost_wrathful_warriors
D:12:     layout_rooms
D:13:     layout_basic, david_vaults_1
D:14:     layout_roguey, nicolae_gozag_cash_rules_everything_around_me,
          minmay_lindwurm_lava, uniq_nessos
D:15:     hangedman_depths_entry_try_elsewhere_first, layout_long_grid,
          grunt_decor_mini_mirrors
Lair:1:   beast_lair_carwin_large_2, layout_gridlike, lemuel_fruit_tree,
          serial_bayou_shore_b, uniq_nergalle, uniq_gastronok
Lair:2:   layout_loops_ring, minmay_swamp_entry_worms, roderic_carrion_pond,
          lemuel_fruit_fields, grunt_megastairs_3, serial_bayou_shore_b
Lair:3:   layout_regular_city, dummy_snake_entry, kilobyte_rumbling_trees,
          grunt_megastairs_2
Lair:4:   layout_regular_city, dpeg_slime_entry_enclosed, minivault_23,
          hibernation_bobbens
Lair:5:   due_jungle_book, layout_regular_city, dreamdust_mushroom_princess,
          pdpol_lair_cavern_descent, grunt_megastairs_1,
          infiniplex_staircase_pool_2
Orc:1:    cheibrodos_orc_arena, layout_caves, ebering_ghost_reflecting_pool
Orc:2:    st_orc_pillars, layout_caves

Skill      XL: |  1  2  3  4  5  6  7  8  9 10 11 12 13 14 15 16 |
---------------+-------------------------------------------------+-----
Axes           | 5 6 9 10 11 12 14 15 16 18 20 21 22 | 22.4
Invocations    | 1 4 7 10 12 14 16 17 | 17.2
Fighting       | 5 6 7 9 11 13 14 15 | 15.4
Armour         | 3 4 6 7 9 11 12 14 | 14.5
Evocations     | 2 |  2.3
Dodging        | |  2.4

Action                     |  1- 3 |  4- 6 |  7- 9 | 10-12 | 13-15 | 16-18 || total
---------------------------+-------+-------+-------+-------+-------+-------++-------
  Melee: Hand axe          |   104 |   108 |   155 |       |       |       ||   367
         War axe           |       |       |   171 |    47 |       |       ||   218
         Broad axe         |       |       |       |   283 |   100 |       ||   383
         Battleaxe         |       |       |       |     3 |       |       ||     3
         Punch             |       |       |       |     1 |     1 |       ||     2
         Executioner's axe |       |       |       |       |   171 |   124 ||   295
  Throw: Dart              |       |       |     4 |     3 |     1 |     3 ||    11
 Invoke: Convert to Beogh  |       |     1 |       |       |       |       ||     1
         Recall Orcish Fol |       |       |       |     2 |     3 |     6 ||    11
         Give Item to Name |       |       |       |     1 |     2 |       ||     3
  Evoke: Wand              |       |       |       |     1 |       |       ||     1
    Use: Scroll            |       |       |     6 |    21 |    11 |     3 ||    41
         Potion            |       |       |       |     1 |     2 |     2 ||     5
   Stab: Distracted        |       |       |       |     5 |     5 |     4 ||    14
         Confused          |       |       |       |       |       |     1 ||     1
 Armour: Robe              |    13 |       |       |       |       |       ||    13
         Ring mail         |       |    20 |       |       |       |       ||    20
         Plate armour      |       |    27 |   149 |   220 |   242 |   153 ||   791
         Scale mail        |       |     2 |       |       |       |       ||     2
  Dodge: Dodged            |    58 |    43 |    56 |    93 |    68 |    91 ||   409
         Repelled          |       |       |     4 |     2 |     1 |       ||     7
  Block: Orb               |       |     6 |    61 |    11 |       |       ||    78
         Reflection        |       |       |     2 |     2 |       |       ||     4
         Other             |       |       |       |    73 |    34 |       ||   107
